[Event "Titled Tuesday Blitz December 27 Late 2022"]
[White "Aung Thant Zin"]
[Black "Hernandez Jimenez, Alexander Andres"]
[WhiteFideId "13000063"]
[BlackFideId "3900452"]
[WhiteElo "2268"]
[BlackElo "2134"]
[Result "0-1"]
[Round "05"]
[TimeControl "180+2"]
[Date "2022.12.27"]
[WhiteClock "0:00:17"]
[BlackClock "0:01:19"]

1. e4 c5 2. Nf3 d6 3. Bb5+ Bd7 4. Bxd7+ Qxd7 5. O-O Nc6 6. c3 g6 7. d4 cxd4 8. cxd4 Bg7 9. Nc3 Nf6 10. Re1 O-O 11. h3 e6 12. Bf4 d5 13. e5 Nh5 14. Be3 f5 15. exf6 Bxf6 16. g4 Ng7 17. Qe2 Rae8 18. Rad1 h5 19. Kg2 hxg4 20. hxg4 e5 21. Nxe5 Nxe5 22. dxe5 Rxe5 23. Qf3 Be7 24. Rxd5 Qc6 25. Qd1 Rd8 26. Bf4 Rxe1 27. Qxe1 Rxd5 28. Qxe7 Re5+ 0-1


[Site "https://www.chess.com"]

[Event "Titled Tuesday Blitz December 27 Late 2022"]
[White "Avila Pavas, Santiago"]
[Black "Gurevich, Dmitry"]
[WhiteFideId "4437128"]
[BlackFideId "2000407"]
[WhiteElo "2522"]
[BlackElo "2393"]
[Result "1-0"]
[Round "05"]
[TimeControl "180+2"]
[Date "2022.12.27"]
[WhiteClock "0:00:17"]
[BlackClock "0:00:01"]

1. d4 Nf6 2. Nf3 e6 3. Bf4 b6 4. e3 Bb7 5. Nbd2 Be7 6. Bd3 O-O 7. O-O c5 8. c3 cxd4 9. cxd4 d6 10. e4 Nbd7 11. Bg3 Re8 12. Rc1 a6 13. h3 Nf8 14. Qe2 Ng6 15. Bh2 b5 16. Rfd1 Rc8 17. Nb3 Rxc1 18. Rxc1 Qa8 19. Nfd2 d5 20. e5 Ne4 21. Nf1 h6 22. f3 Ng5 23. Nc5 Nf8 24. Nd2 Bxc5 25. Rxc5 Rc8 26. Nb3 Rxc5 27. Nxc5 Bc8 28. Qc2 Ngh7 29. a4 bxa4 30. Qxa4 Qb8 31. b4 Qc7 32. Bxa6 Bxa6 33. Qxa6 Nd7 34. Bg3 Nhf8 35. Bf2 Nb6 36. b5 Nc4 37. Qa8 g5 38. Be1 Kg7 39. Bb4 Nd7 40. Qc6 Qxc6 41. bxc6 Ndb6 42. c7 Nc8 43. Nd7 Kg6 44. Bc5 Kf5 45. Kf2 h5 46. g4+ hxg4 47. hxg4+ Kg6 48. Ke2 Kg7 49. Kd3 Kg6 50. Kc3 Kg7 51. Kb4 Nd2 52. Nb6 Na7 53. Nd7 Nc8 54. Kb5 Nxf3 55. Kc6 1-0


[Site "https://www.chess.com"]

[Event "Titled Tuesday Blitz December 27 Late 2022"]
[White "Babazada, Khazar"]
[Black "Deac, Bogdan-Daniel"]
[WhiteFideId "13413554"]
[BlackFideId "1226380"]
[WhiteElo "2474"]
[BlackElo "2700"]
[Result "1-0"]
[Round "05"]
[TimeControl "180+2"]
[Date "2022.12.27"]
[WhiteClock "0:00:09"]
[BlackClock "0:00:03"]

1. e4 c6 2. d4 d5 3. Nc3 a6 4. Nf3 Bg4 5. Bd3 e6 6. h3 Bh5 7. Be3 Nf6 8. e5 Nfd7 9. Ne2 Bxf3 10. gxf3 c5 11. c3 Nc6 12. h4 h5 13. a3 cxd4 14. cxd4 Be7 15. f4 g6 16. f5 gxf5 17. Nf4 Qb6 18. b4 O-O-O 19. Rb1 Kb8 20. Kf1 Rdg8 21. b5 axb5 22. Rxb5 Qa7 23. a4 Nxd4 24. Bxf5 Bc5 25. Rxc5 Qxc5 26. Qxd4 Qxd4 27. Bxd4 exf5 28. e6 fxe6 29. Bxh8 Rxh8 30. Nxe6 Nb6 31. a5 Nc4 32. Nf4 d4 33. Ke2 Nxa5 34. Kd3 Nc6 35. Rg1 Re8 36. Rg5 Re4 37. Rxf5 Re1 38. Rxh5 Rf1 39. Ke2 Ra1 40. Rh8+ Ka7 41. h5 Ra2+ 42. Kf3 Ra1 43. Kg2 Ra5 44. h6 Rf5 45. h7 Rxf4 46. Ra8+ Kxa8 47. h8=Q+ Ka7 48. Qh6 Rf5 49. f4 d3 50. Qd6 Kb6 51. Kg3 Rb5 52. Qxd3 Rc5 53. f5 Ne5 54. Qd6+ Nc6 55. f6 Rf5 56. Qe6 Rf1 57. Kg2 Rf4 58. Qe3+ 1-0


[Site "https://www.chess.com"]

[Event "Titled Tuesday Blitz December 27 Late 2022"]
[White "Bach, Matthias"]
[Black "Przybylski, Wojciech"]
[WhiteFideId "4603168"]
[BlackFideId "1117599"]
[WhiteElo "2214"]
[BlackElo "2321"]
[Result "0-1"]
[Round "05"]
[TimeControl "180+2"]
[Date "2022.12.27"]
[WhiteClock "0:00:01"]
[BlackClock "0:00:19"]

1. d4 Nf6 2. c4 e6 3. Nc3 Bb4 4. Bg5 O-O 5. e3 b6 6. Nf3 Bb7 7. Bd3 h6 8. Bh4 d5 9. cxd5 Bxd5 10. O-O Be7 11. e4 Bb7 12. Bc2 c5 13. e5 Nd5 14. Qd3 g6 15. Bxe7 Qxe7 16. Ne4 Ba6 17. Qd2 Bxf1 18. Qxh6 f5 19. exf6 Qh7 20. Qxh7+ Kxh7 21. Nfg5+ Kg8 22. f7+ Rxf7 23. Nxf7 Kxf7 24. Rxf1 cxd4 25. Re1 Nc7 26. Bb3 Nd7 27. Ng5+ Kf6 28. Ne4+ Ke7 29. Ng5 Nc5 30. Bc4 Rf8 31. b4 Rf5 32. h4 Nd7 33. Bd3 Re5 34. Rc1 Nd5 35. Bxg6 Nxb4 36. Rc7 d3 37. Nf3 Re1+ 38. Kh2 d2 39. Nxd2 Nd5 40. Rxa7 Nf6 41. h5 Re2 0-1


[Site "https://www.chess.com"]

[Event "Titled Tuesday Blitz December 27 Late 2022"]
[White "Bambino Filho, Antonio Carlos"]
[Black "Melikyan, Gnel"]
[WhiteFideId "2113163"]
[BlackFideId "54109990"]
[WhiteElo "2144"]
[BlackElo "2238"]
[Result "1/2-1/2"]
[Round "05"]
[TimeControl "180+2"]
[Date "2022.12.27"]
[WhiteClock "0:01:07"]
[BlackClock "0:01:09"]

1. e4 c5 2. Nf3 Nc6 3. d4 cxd4 4. Nxd4 Nf6 5. Nc3 g6 6. Be2 Bg7 7. Be3 O-O 8. f4 d5 9. e5 Ne8 10. Bf3 Nc7 11. Qd2 Nxd4 12. Bxd4 b5 13. a3 Bb7 14. O-O e6 15. g4 a5 16. f5 exf5 17. gxf5 gxf5 18. Kh1 b4 19. Ne2 Ne6 20. Rg1 Kh8 21. axb4 axb4 22. Rxa8 Bxa8 23. Qxb4 Qh4 24. Bc5 Qxb4 25. Bxb4 Rb8 26. Bc3 d4 27. Nxd4 Nxd4 28. Bxa8 Ne2 29. Ra1 Nxc3 30. bxc3 Bxe5 31. Bd5 Bxc3 32. Ra8 Rxa8 33. Bxa8 Kg7 34. Kg2 f6 35. Kf3 Kg6 36. Bd5 h5 37. h3 Kg5 38. Be6 1/2-1/2


[Site "https://www.chess.com"]

[Event "Titled Tuesday Blitz December 27 Late 2022"]
[White "Barp, Alberto"]
[Black "Pakleza, Zbigniew"]
[WhiteFideId "872555"]
[BlackFideId "1119290"]
[WhiteElo "2432"]
[BlackElo "2494"]
[Result "0-1"]
[Round "05"]
[TimeControl "180+2"]
[Date "2022.12.27"]
[WhiteClock "0:00:01"]
[BlackClock "0:00:04"]

1. d4 d6 2. g3 e5 3. dxe5 dxe5 4. Qxd8+ Kxd8 5. Nc3 Nd7 6. f4 Bb4 7. Nf3 exf4 8. Bxf4 Bxc3+ 9. bxc3 Ngf6 10. O-O-O Ne4 11. Ne5 Ke7 12. Rd4 Nxc3 13. a4 Nf6 14. Rc4 Ncd5 15. Bg2 c6 16. Rd1 Be6 17. Rcd4 Rhd8 18. a5 Nc3 19. Rxd8 Rxd8 20. Rxd8 Kxd8 21. a6 Nxe2+ 22. Kd2 Nxf4 23. axb7 Kc7 24. gxf4 Kxb7 25. Bxc6+ Kc7 26. Bf3 g6 27. c4 Nd7 28. Kc3 Nxe5 29. fxe5 a5 30. c5 h6 31. h4 g5 32. hxg5 hxg5 33. Be4 g4 34. Bg2 g3 35. Kb2 Bd7 36. Ka3 Bc6 37. Bf1 Kd7 38. Kb3 Ke6 0-1


[Site "https://www.chess.com"]

[Event "Titled Tuesday Blitz December 27 Late 2022"]
[White "Baskakov, Egor"]
[Black "Gahan, M G"]
[WhiteFideId "24197866"]
[BlackFideId "5027373"]
[WhiteElo "2215"]
[BlackElo "2247"]
[Result "1/2-1/2"]
[Round "05"]
[TimeControl "180+2"]
[Date "2022.12.27"]
[WhiteClock "0:01:41"]
[BlackClock "0:01:24"]

1. e4 c5 2. Nf3 d6 3. d4 cxd4 4. Nxd4 Nf6 5. Nc3 a6 6. a4 e5 7. Nde2 Be6 8. g3 Nbd7 9. h3 Be7 10. Bg2 Rc8 11. O-O O-O 12. g4 Nc5 13. Ng3 b5 14. axb5 axb5 15. Nf5 b4 16. Nxe7+ Qxe7 17. Nd5 Bxd5 18. exd5 Nfd7 19. f4 exf4 20. Bxf4 Ne5 21. b3 Rfe8 22. Qd4 Ncd7 23. Rf2 Rb8 24. Ra7 Rec8 25. Bg3 Qe8 26. Ra6 Qe7 27. Ra7 Qe8 28. Kh2 Rc3 29. Ra6 Qe7 30. Ra7 Qe8 31. Ra6 Qe7 32. Ra7 Qe8 1/2-1/2


[Site "https://www.chess.com"]

[Event "Titled Tuesday Blitz December 27 Late 2022"]
[White "Battlecruiser_Operational"]
[Black "Karas, Marek"]
[BlackFideId "14928558"]
[WhiteElo "2417"]
[BlackElo "2227"]
[Result "1/2-1/2"]
[Round "05"]
[TimeControl "180+2"]
[Date "2022.12.27"]
[WhiteClock "0:00:04"]
[BlackClock "0:00:01"]

1. d4 Nf6 2. c4 g6 3. Nc3 Bg7 4. e4 d6 5. Nf3 O-O 6. Be2 Bg4 7. Be3 Nfd7 8. Ng1 Bxe2 9. Ngxe2 c5 10. d5 Na6 11. O-O Nc7 12. a4 a6 13. Qd2 b5 14. axb5 axb5 15. cxb5 Nb6 16. b3 Qd7 17. Qd3 Rxa1 18. Rxa1 Nxb5 19. Ra5 Nxc3 20. Nxc3 Ra8 21. Rxa8+ Nxa8 22. Na4 Qb7 23. Qc4 Nc7 24. Bd2 f5 25. f3 fxe4 26. fxe4 Bd4+ 27. Kf1 Qc8 28. Qd3 Qg4 29. Nc3 Ne8 30. Ne2 Be5 31. Qf3 Qh4 32. h3 Nf6 33. g4 h5 34. Be1 hxg4 35. hxg4 Qxg4 36. Qxg4 Nxg4 37. Kg2 Nf6 38. Kf3 g5 39. b4 cxb4 40. Bxb4 g4+ 41. Ke3 Kf7 42. Be1 Nh5 43. Bh4 Ke8 44. Nd4 Bxd4+ 45. Kxd4 Kd7 46. e5 dxe5+ 47. Kxe5 g3 48. Kf5 g2 49. Bf2 Ng7+ 50. Kg4 Ne8 51. Kf3 Nf6 52. Kxg2 Nxd5 53. Bh4 e6 54. Kf3 Nc7 55. Ke4 Ne8 56. Bg5 Nd6+ 57. Kd3 Kc6 58. Bf6 Kd5 59. Bh8 Ne4 60. Bg7 Nf2+ 61. Ke3 Ne4 62. Bh8 Nd6 63. Kd3 1/2-1/2


[Site "https://www.chess.com"]

[Event "Titled Tuesday Blitz December 27 Late 2022"]
[White "Beerdsen, Thomas"]
[Black "Srebrnic, Marko"]
[WhiteFideId "1030108"]
[BlackFideId "14603616"]
[WhiteElo "2507"]
[BlackElo "2366"]
[Result "1-0"]
[Round "05"]
[TimeControl "180+2"]
[Date "2022.12.27"]
[WhiteClock "0:02:25"]
[BlackClock "0:00:17"]

1. e4 c5 2. Nf3 Nc6 3. Bc4 e6 4. O-O a6 5. Re1 b5 6. Bf1 Bb7 7. a4 b4 8. c3 Nf6 9. d4 cxd4 10. cxd4 d5 11. e5 Nd7 12. Bd3 Be7 13. Nbd2 a5 14. Nf1 Ba6 15. Bb1 Nb6 16. b3 Qd7 17. Ng3 O-O-O 18. Bd3 Bxd3 19. Qxd3 Kb7 20. Nh5 Rdg8 21. Bf4 f6 22. exf6 gxf6 23. Bg3 Bd8 24. Rac1 Rg4 25. Rc5 Be7 26. Rec1 Bxc5 27. dxc5 Na8 28. Nxf6 Qg7 29. Nxg4 Qxg4 30. Qb5+ Ka7 31. Qxc6 Rb8 32. Bxb8+ Kxb8 33. Qd6+ 1-0


[Site "https://www.chess.com"]

[Event "Titled Tuesday Blitz December 27 Late 2022"]
[White "Bettalli, Francesco"]
[Black "Jenkins, Drake"]
[WhiteFideId "2816453"]
[BlackFideId "2022397"]
[WhiteElo "2252"]
[BlackElo "2130"]
[Result "1-0"]
[Round "05"]
[TimeControl "180+2"]
[Date "2022.12.27"]
[WhiteClock "0:01:57"]
[BlackClock "0:00:06"]

1. d4 Nf6 2. Nc3 d5 3. Bg5 Ne4 4. Nxe4 dxe4 5. f3 c5 6. dxc5 Qa5+ 7. Qd2 Qxc5 8. fxe4 Nc6 9. Nf3 e5 10. O-O-O Be6 11. Kb1 Be7 12. Bxe7 Qxe7 13. e3 Rd8 14. Bd3 O-O 15. Qc3 f6 16. a3 Rd6 17. Bc4 Rfd8 18. Rxd6 Rxd6 19. Ka2 Qf7 20. Bxe6 Qxe6+ 21. Qb3 Kf7 22. Rf1 Ke7 23. c4 Na5 24. Qb4 Qxc4+ 25. Qxc4 Nxc4 26. Rc1 Nxe3 27. Rc8 Nxg2 28. Rh8 Rd3 29. Rxh7 Kf7 30. Rh3 Nf4 31. Rg3 Ne2 32. Nxe5+ fxe5 33. Rxd3 Ke6 34. Rd8 Nd4 35. Rg8 Kf6 36. Rb8 b6 37. Rb7 Nc6 38. Rc7 Na5 39. Rxa7 Nc4 40. Rc7 Nd2 41. Rc6+ Kg5 42. Rxb6 Nxe4 43. a4 Nc5 44. a5 Kf4 45. a6 Nxa6 46. Rxa6 e4 47. Rg6 e3 48. Rxg7 e2 49. Re7 1-0


[Site "https://www.chess.com"]

[Event "Titled Tuesday Blitz December 27 Late 2022"]
[White "Bjelobrk, Igor"]
[Black "Rasulov, Vugar"]
[WhiteFideId "4300726"]
[BlackFideId "13402390"]
[WhiteElo "2403"]
[BlackElo "2523"]
[Result "0-1"]
[Round "05"]
[TimeControl "180+2"]
[Date "2022.12.27"]
[WhiteClock "0:00:11"]
[BlackClock "0:00:18"]

1. Nf3 Nf6 2. c4 g6 3. Nc3 d5 4. cxd5 Nxd5 5. h4 Nxc3 6. bxc3 Bg7 7. h5 c5 8. h6 Bf6 9. Rb1 O-O 10. e4 Nc6 11. Be2 b6 12. Qc2 Bg4 13. d3 Rc8 14. O-O Qd7 15. Bf4 Rfd8 16. Rfd1 Bxf3 17. Bxf3 Be5 18. Bc1 Qd6 19. g3 Qf6 20. Bg4 Bxc3 21. Bxc8 Nd4 22. Qa4 Rxc8 23. Be3 Qf3 24. Qxa7 Ne2+ 25. Kh2 Be5 26. Rg1 Bxg3+ 27. fxg3 Qxe3 28. Qxe7 Nxg1 29. Rxg1 Ra8 30. Rg2 Qxh6+ 31. Qh4 Qxh4+ 32. gxh4 Ra3 33. Rd2 b5 34. Kg2 Kg7 35. Kf2 Kf6 36. Ke2 Rc3 37. Rb2 b4 38. Kd2 Ke5 39. Rb1 Kd4 0-1


[Site "https://www.chess.com"]

[Event "Titled Tuesday Blitz December 27 Late 2022"]
[White "Bogaudinov, Rushan"]
[Black "Itkis, Boris"]
[WhiteFideId "4129288"]
[BlackFideId "1209167"]
[WhiteElo "1939"]
[BlackElo "2329"]
[Result "1-0"]
[Round "05"]
[TimeControl "180+2"]
[Date "2022.12.27"]
[WhiteClock "0:00:03"]
[BlackClock "0:00:02"]

1. c4 c5 2. Nc3 Nc6 3. g3 g6 4. Bg2 Bg7 5. Nf3 Nh6 6. O-O Nf5 7. e3 h5 8. d4 cxd4 9. exd4 Ncxd4 10. Nxd4 Bxd4 11. Ne4 d6 12. Bg5 Qb6 13. Qe2 Qxb2 14. Qxb2 Bxb2 15. Rab1 Bd4 16. Rfd1 Bb6 17. Nc3 e6 18. Nb5 Kd7 19. Bf6 Re8 20. Bh3 Bc5 21. Be5 a6 22. Nc3 Kc6 23. Bg2+ Kc7 24. Bf4 Bd4 25. Ne4 Be5 26. Bd2 Bd7 27. Ba5+ Kc8 28. Ng5 Bc6 29. Nxf7 Bxg2 30. Kxg2 Re7 31. Ng5 Kd7 32. Nf3 Bf6 33. Rxb7+ Kc6 34. Rb6+ Kc5 35. Rb3 Rd7 36. Nd2 Bd8 37. Ne4+ Kc6 38. Bb4 Bc7 39. h3 a5 40. Bd2 a4 41. Rbb1 Ba5 42. Bg5 Raa7 43. Nf6 Rdb7 44. Ne4 Rxb1 45. Rxb1 Rb7 46. Rxb7 Kxb7 47. g4 hxg4 48. hxg4 Nd4 49. Nxd6+ Kc6 50. Ne4 Nc2 51. f4 Nb4 52. Nc3 1-0


[Site "https://www.chess.com"]

[Event "Titled Tuesday Blitz December 27 Late 2022"]
[White "Bok, Benjamin"]
[Black "Toniutti, Ezio"]
[WhiteFideId "1017063"]
[BlackFideId "113034"]
[WhiteElo "2607"]
[BlackElo "2224"]
[Result "1-0"]
[Round "05"]
[TimeControl "180+2"]
[Date "2022.12.27"]
[WhiteClock "0:00:31"]
[BlackClock "0:00:12"]

1. d4 d5 2. c4 c6 3. Nf3 Nf6 4. cxd5 cxd5 5. Nc3 Nc6 6. Bf4 a6 7. Rc1 Bf5 8. e3 e6 9. Qb3 Ra7 10. Be2 Be7 11. O-O O-O 12. Na4 Ne4 13. Qb6 Qxb6 14. Nxb6 Bg4 15. a3 Bd8 16. Nd7 Re8 17. h3 Bxf3 18. gxf3 Nf6 19. Nc5 Be7 20. Nxa6 Nxd4 21. exd4 bxa6 22. Rc7 Rxc7 23. Bxc7 Ra8 24. Rc1 Ne8 25. Ba5 Bf6 26. Rc6 Bxd4 27. b4 Bb2 28. a4 Be5 29. Bxa6 Nd6 30. Bc7 Rc8 31. Bxc8 1-0


[Site "https://www.chess.com"]

[Event "Titled Tuesday Blitz December 27 Late 2022"]
[White "Boros, Denes"]
[Black "Xiong, Jeffery"]
[WhiteFideId "722340"]
[BlackFideId "2047640"]
[WhiteElo "2406"]
[BlackElo "2692"]
[Result "0-1"]
[Round "05"]
[TimeControl "180+2"]
[Date "2022.12.27"]
[WhiteClock "0:00:03"]
[BlackClock "0:00:07"]

1. e4 e6 2. Qe2 c5 3. Nf3 Nc6 4. g3 g6 5. Bg2 Bg7 6. O-O Nge7 7. c3 O-O 8. Na3 d6 9. Nc2 e5 10. Rd1 h6 11. d4 exd4 12. cxd4 cxd4 13. Nfxd4 Ne5 14. h3 Bd7 15. f4 N5c6 16. Nb5 d5 17. e5 Nf5 18. Kh2 a6 19. Nc3 d4 20. Ne4 Be6 21. Nc5 Qe7 22. b4 Rad8 23. Ba3 Bd5 24. b5 axb5 25. Nd3 Qe6 26. Bxf8 Bxf8 27. Rab1 Bc4 28. Be4 Ra8 29. Rd2 Rxa2 30. Qf2 Bd5 31. Bxd5 Qxd5 32. Qe2 Qc4 33. h4 h5 34. Re1 Qc3 35. Red1 b4 36. e6 b3 37. Nce1 Ne3 38. exf7+ Kxf7 39. Rxa2 bxa2 40. Qxa2+ Kf6 41. Rc1 Qa3 42. Qe2 Bb4 43. Nf3 Bc3 44. Rb1 Qa6 45. Nfe1 Nb4 46. Rxb4 Bxb4 47. Qf3 Bc3 48. Qe4 Qa2+ 49. Kh1 Qd5 0-1


[Site "https://www.chess.com"]

[Event "Titled Tuesday Blitz December 27 Late 2022"]
[White "Bryakin, Mikhail"]
[Black "Theodorou, Nikolas"]
[WhiteFideId "4165314"]
[BlackFideId "4262875"]
[WhiteElo "2455"]
[BlackElo "2591"]
[Result "0-1"]
[Round "05"]
[TimeControl "180+2"]
[Date "2022.12.27"]
[WhiteClock "0:00:08"]
[BlackClock "0:00:06"]

1. Nf3 Nf6 2. b3 g6 3. Bb2 Bg7 4. c4 O-O 5. g3 d6 6. Bg2 e5 7. d3 c6 8. O-O Re8 9. Nbd2 a5 10. a3 Nbd7 11. b4 d5 12. cxd5 cxd5 13. e4 d4 14. Nc4 axb4 15. axb4 Rxa1 16. Qxa1 Bf8 17. Ba3 b5 18. Na5 Nb8 19. Rc1 Bd6 20. Nd2 Be6 21. Qb2 Na6 22. Nb7 Qb6 23. Nxd6 Qxd6 24. Nb3 Nxb4 25. Nxd4 Nxd3 26. Bxd6 Nxb2 27. Nxe6 Rxe6 28. Rc8+ Re8 29. Rxe8+ Nxe8 30. Bxe5 Nc4 31. Bc3 Nc7 32. e5 Kf8 33. f4 Ke7 34. Kf2 Ke6 35. Ke2 Nd5 36. Bh3+ Ke7 37. Bd4 h5 38. Kd3 Nb4+ 39. Kc3 Nd5+ 40. Kd3 Nb4+ 41. Kc3 Nd5+ 42. Kb3 Nd2+ 43. Kc2 Nf3 44. Bc5+ Ke8 45. Bg2 Ne1+ 46. Kd2 Nxg2 47. Ke2 Ngxf4+ 48. gxf4 Nxf4+ 49. Kf3 Ne6 50. Bb4 Kd7 51. Ke4 Kc6 52. h4 Nc7 53. Kd4 Kd7 54. Ba5 Ne6+ 55. Kd5 Ng7 56. Be1 Nf5 57. Bf2 b4 58. Kc4 Ke6 59. Kxb4 Kxe5 60. Kc4 Kf4 61. Kd5 Kf3 62. Be1 Kf4 63. Bf2 f6 64. Ke6 Kf3 65. Kxf6 Kxf2 66. Kxg6 Ng3 67. Kg5 Kf3 68. Kg6 Kg4 69. Kf6 Kxh4 70. Ke5 Kg4 0-1


[Site "https://www.chess.com"]

[Event "Titled Tuesday Blitz December 27 Late 2022"]
[White "Can, Melih Kaan"]
[Black "Hernandez Bonilla, Amelia"]
[WhiteFideId "6317383"]
[BlackFideId "3900193"]
[WhiteElo "2069"]
[BlackElo "1960"]
[Result "1-0"]
[Round "05"]
[TimeControl "180+2"]
[Date "2022.12.27"]
[WhiteClock "0:00:32"]
[BlackClock "0:00:19"]

1. d4 Nf6 2. c4 e6 3. Nc3 Bb4 4. e3 b6 5. Bd3 Bb7 6. f3 O-O 7. Ne2 d5 8. O-O Nbd7 9. cxd5 exd5 10. a3 Bd6 11. e4 dxe4 12. fxe4 Be7 13. Ng3 c5 14. e5 Nd5 15. Nf5 cxd4 16. Qg4 g6 17. Nxd5 Bxd5 18. Nxe7+ Qxe7 19. Bg5 Qe6 20. Qh4 Qxe5 21. Rae1 Qd6 22. Be7 Qc6 23. Bxf8 Nxf8 24. Qxd4 Bxg2 25. Rxf7 Kxf7 26. Bc4+ Ne6 27. Bxe6+ Kf8 28. Qf6+ 1-0


[Site "https://www.chess.com"]

[Event "Titled Tuesday Blitz December 27 Late 2022"]
[White "Clawitter, Craig"]
[Black "Vargas, Mauricio"]
[WhiteFideId "2023105"]
[BlackFideId "4404572"]
[WhiteElo "2050"]
[BlackElo "2035"]
[Result "1-0"]
[Round "05"]
[TimeControl "180+2"]
[Date "2022.12.27"]
[WhiteClock "0:00:10"]
[BlackClock "0:00:16"]

1. e4 c6 2. Nf3 d5 3. e5 Bg4 4. d4 e6 5. c3 f5 6. h3 Bh5 7. Nbd2 Nd7 8. Be2 a6 9. Nf1 h6 10. Ng3 Bxf3 11. Bxf3 g5 12. Bh5+ Ke7 13. O-O Bg7 14. f4 gxf4 15. Bxf4 Qf8 16. Qb3 Rb8 17. c4 Kd8 18. cxd5 cxd5 19. Rac1 Ne7 20. Bd2 Nc6 21. Rxc6 bxc6 22. Ba5+ Kc8 23. Qa4 Rb5 24. Be2 Kb7 25. Rc1 Nb6 26. Qc2 Qc8 27. Bxb5 axb5 28. Qc5 Qc7 29. a4 Bf8 30. Qxb6+ Qxb6 31. Bxb6 Kxb6 32. axb5 cxb5 33. Nh5 Bb4 34. Nf4 Ra8 35. Nxe6 Ra2 36. Rc2 Ba3 37. Nf4 Rxb2 38. Nxd5+ Ka5 39. Rxb2 Bxb2 40. e6 Bxd4+ 41. Kf1 Bc5 42. e7 Bxe7 43. Nxe7 b4 44. Ke2 Ka4 45. Kd2 Ka3 46. Kc2 Ka2 47. Nd5 b3+ 48. Kd2 b2 49. Nc3+ Kb3 50. Nb1 Ka2 51. Kc2 Ka1 52. Nc3 h5 53. h4 f4 54. Nb1 Ka2 55. Nd2 Ka1 56. Nb3+ Ka2 57. Nd2 Ka1 58. Nb1 Ka2 59. Nc3+ Ka1 60. Kd3 b1=B+ 61. Nxb1 Kxb1 62. Ke4 Kc2 63. Kxf4 Kd3 64. g4 hxg4 65. h5 g3 66. Kxg3 Ke4 67. h6 Kf5 68. h7 Kg6 69. h8=Q Kf5 70. Qh5+ Ke4 71. Qg4+ Ke5 72. Qg5+ Ke4 73. Qf4+ Kd5 74. Qe3 Kd6 75. Qe4 Kc5 76. Qd3 Kb4 77. Qc2 Kb5 78. Qc3 Kb6 79. Qc4 Kb7 80. Qc5 Ka6 81. Qb4 Ka7 82. Kf4 Ka8 83. Ke5 Ka7 84. Kd6 Ka8 85. Kc6 Ka7 86. Qb7# 1-0


[Site "https://www.chess.com"]

[Event "Titled Tuesday Blitz December 27 Late 2022"]
[White "Corredor Castellanos, Camilo"]
[Black "Fisher_TheGalactic"]
[WhiteFideId "4425871"]
[WhiteElo "1957"]
[BlackElo "2477"]
[Result "0-1"]
[Round "05"]
[TimeControl "180+2"]
[Date "2022.12.27"]
[WhiteClock "0:01:16"]
[BlackClock "0:02:31"]

1. e4 b6 2. d4 Bb7 3. Bd3 Nf6 4. Nc3 e6 5. Nf3 Bb4 6. Qe2 d5 7. e5 Ne4 8. Bd2 Nxd2 9. Nxd2 c5 10. a3 Bxc3 11. bxc3 c4 12. Bxc4 dxc4 13. Nxc4 O-O 14. O-O Ba6 15. Qf3 Bxc4 16. Qxa8 Bxf1 17. Rxf1 Qc7 18. Qf3 Nc6 19. h4 Na5 20. h5 h6 21. g4 Rc8 22. g5 Qxc3 23. Qg4 hxg5 24. Qxg5 Qxc2 25. Kg2 Qf5 26. Qg3 Qxh5 27. Rh1 Qg6 0-1


[Site "https://www.chess.com"]

[Event "Titled Tuesday Blitz December 27 Late 2022"]
[White "Defend, Balint"]
[Black "Silvestre, Christian"]
[WhiteFideId "17004853"]
[BlackFideId "30956269"]
[WhiteElo "1673"]
[BlackElo "1942"]
[Result "1-0"]
[Round "05"]
[TimeControl "180+2"]
[Date "2022.12.27"]
[WhiteClock "0:00:16"]
[BlackClock "0:00:08"]

1. e4 c6 2. d4 d5 3. e5 a6 4. Bd3 c5 5. dxc5 Nc6 6. f4 Qa5+ 7. Qd2 Qxc5 8. Qe3 e6 9. Nf3 Nh6 10. h3 Nb4 11. g4 Nxc2+ 12. Bxc2 Qxc2 13. Nc3 Ng8 14. Rh2 Qg6 15. Nh4 Qh6 16. Qg3 g6 17. f5 g5 18. Nf3 Be7 19. f6 Bb4 20. Bxg5 Qg6 21. Rd2 Bd7 22. Qf4 h6 23. Bh4 Ba5 24. Bf2 Rc8 25. Bd4 b5 26. a3 h5 27. g5 h4 28. b4 Bc7 29. Bc5 Rh5 30. Kf2 Qh7 31. Rg1 Bc6 32. Qd4 Qf5 33. Rg4 Bd7 34. Ne2 Bc6 35. Nf4 Rh7 36. g6 fxg6 37. Rxg6 Kf7 38. Ng5+ Qxg5 39. Rxg5 1-0


[Site "https://www.chess.com"]

[Event "Titled Tuesday Blitz December 27 Late 2022"]
[White "Della Corte, Alessandro"]
[Black "Goncalves, Davi Sulzbacher"]
[WhiteFideId "813540"]
[BlackFideId "2154510"]
[WhiteElo "2160"]
[BlackElo "2282"]
[Result "1-0"]
[Round "05"]
[TimeControl "180+2"]
[Date "2022.12.27"]
[WhiteClock "0:00:41"]
[BlackClock "0:00:03"]

1. d4 Nf6 2. c4 e6 3. Nf3 c5 4. d5 exd5 5. cxd5 g6 6. Nc3 Bg7 7. h3 O-O 8. e4 Re8 9. Bd3 b5 10. O-O b4 11. Na4 d6 12. Re1 Nbd7 13. Bf4 Qe7 14. Rc1 Nh5 15. Bg5 Bf6 16. Bh6 Ne5 17. Nxe5 Bxe5 18. Qd2 Bd7 19. b3 Bxa4 20. bxa4 Qf6 21. Bg5 Bf4 22. Bxf4 Nxf4 23. Bf1 Qg5 24. Qe3 Qf6 25. Qf3 Nh5 26. Qxf6 Nxf6 27. f3 Re7 28. Kf2 Kg7 29. g3 Nd7 30. f4 Nb6 31. Bb5 a6 32. Bc6 Rb8 33. e5 Nc8 34. Re3 Kf8 35. Rce1 c4 36. exd6 Rxe3 37. d7 Ne7 38. Rxe3 c3 39. Ke2 Rd8 40. Kd3 Nxd5 41. Bxd5 Rxd7 42. Kc4 c2 43. Re1 Rc7+ 44. Kxb4 c1=Q 45. Rxc1 Rxc1 46. a5 Rg1 47. Bc4 Ke7 48. Bxa6 Kd6 49. Bc4 f6 50. Kb5 1-0


[Site "https://www.chess.com"]

[Event "Titled Tuesday Blitz December 27 Late 2022"]
[White "Denishev, Marat"]
[Black "Salman, Pavel"]
[WhiteFideId "24131563"]
[BlackFideId "24153753"]
[WhiteElo "2255"]
[BlackElo "2287"]
[Result "1-0"]
[Round "05"]
[TimeControl "180+2"]
[Date "2022.12.27"]
[WhiteClock "0:00:08"]
[BlackClock "0:00:12"]

1. d4 Nf6 2. Bg5 Ne4 3. Bf4 Nf6 4. e3 d6 5. Nf3 g6 6. h4 Bg7 7. Nc3 h5 8. Bc4 O-O 9. Ng5 d5 10. Bd3 c5 11. dxc5 Nbd7 12. Be2 Nxc5 13. Bf3 Nfe4 14. Ncxe4 dxe4 15. Qxd8 Rxd8 16. Nxe4 Nxe4 17. Bxe4 Bxb2 18. Rd1 Rxd1+ 19. Kxd1 Be6 20. Ke2 Bc4+ 21. Kf3 Bxa2 22. Bxb7 Rd8 23. Be4 a5 24. Bc7 Rd5 25. Bxd5 Bxd5+ 26. e4 Bc6 27. Bxa5 f5 28. Rb1 Bxe4+ 29. Ke3 Bf6 30. Rb8+ Kf7 31. c4 Bxh4 32. f3 Bg5+ 33. Ke2 Bf4 34. Rb2 Bc6 35. Bc3 h4 36. Rb6 Bd7 37. c5 Be6 38. c6 g5 39. Rb7 Bd5 40. Bb4 Bxc6 41. Rxe7+ Kf6 42. Rh7 Bb5+ 43. Kd1 Bg3 44. Be1 Bf4 45. Rh6+ Ke5 46. Bc3+ Kd5 47. Ke1 Kc4 48. Bf6 Kd3 49. Rg6 Bd2+ 50. Kf1 g4 51. fxg4 fxg4 52. Rxg4 Ke3+ 53. Kg1 Be1 54. Bxh4 Be2 55. Ra4 Bc3 56. Bf2+ Kd2 57. Ra3 Bd1 58. Be1+ Kxe1 59. Rxc3 Bg4 60. Rc7 Ke2 61. Rg7 Bf5 62. Kh2 Ke3 63. Kg3 Ke4 64. Ra7 Ke5 65. Ra5+ Kf6 66. Kf4 Be6 67. g4 Ke7 68. g5 Bg8 69. Ke5 Kf8 70. Ra7 Bf7 71. Kf6 Be8 72. Ra8 1-0


[Site "https://www.chess.com"]

[Event "Titled Tuesday Blitz December 27 Late 2022"]
[White "Desideri, Ricardo Maruchi"]
[Black "Fernandez, Maria Florencia"]
[WhiteFideId "2110440"]
[BlackFideId "116459"]
[WhiteElo "1959"]
[BlackElo "2129"]
[Result "0-1"]
[Round "05"]
[TimeControl "180+2"]
[Date "2022.12.27"]
[WhiteClock "0:00:17"]
[BlackClock "0:00:37"]

1. e4 d6 2. d4 Nf6 3. Nc3 g6 4. Bg5 Bg7 5. f4 O-O 6. Bc4 Nxe4 7. Nxe4 d5 8. Nf3 dxc4 9. O-O Nc6 10. c3 Bf5 11. Nc5 b6 12. Na4 Bd3 13. Re1 h6 14. Bh4 Qd7 15. b3 Rad8 16. Nb2 Nxd4 17. Rxe7 Nxf3+ 18. Qxf3 Qd6 19. Rd1 Bxc3 20. Nxc4 Qc5+ 21. Kh1 Bxc4 22. bxc4 Rxd1+ 23. Qxd1 g5 24. Re5 Bxe5 0-1


[Site "https://www.chess.com"]